 Dungeon Crawl Stone Soup version 0.29-a0-732-g3d7fbe0af2 (webtiles) character file.

Game seed: 5529872169156648589

24 dolemite99 the Shooter (level 2, 0/25 HPs)
             Began as a Minotaur Hunter on June 30, 2022.
             Slain by an adder (1 damage)
             ... on level 2 of the Dungeon.
             The game lasted 00:00:54 (1638 turns).

dolemite99 the Shooter (Minotaur Hunter)            Turns: 1638, Time: 00:00:54

Health: 0/25       AC:  5    Str: 15    XL:     2   Next: 79%
Magic:  1/1        EV: 12    Int:  6    God:
Gold:   72         SH:  0    Dex: 13    Spells: 1/1 levels left

rFire   . . .      SeeInvis .   a - +0 shortbow
rCold   . . .      Faith    .   (shield currently unavailable)
rNeg    . . .      Spirit   .   c - +2 leather armour
rPois   .          Reflect  .   (helmet restricted)
rElec   .          Harm     .   (no cloak)
rCorr   .          Rampage  .   (no gloves)
Will    .....                   (no boots)
Stlth   +.........              (no amulet)
HPRegen 0.08/turn               (no ring)
MPRegen 0.07/turn               (no ring)

@: lethally poisoned (0 -> -2)
A: horns 2, retaliatory headbutt
a: no special abilities


You were on level 2 of the Dungeon.
You visited 1 branch of the dungeon, and saw 2 of its levels.

You collected 72 gold pieces.

Inventory:

Hand Weapons
 a - a +0 shortbow (weapon)
Armour
 c - a +2 leather armour (worn)
Scrolls
 b - a scroll of immolation
 d - a scroll of brand weapon {unknown}
 e - 2 scrolls of identify {unknown}
 f - 2 scrolls of poison {unknown}
 h - a scroll of teleportation {unknown}
Potions
 g - a potion of curing {unknown}
 i - 5 potions of invisibility {unknown}


   Skills:
 - Level 2.4 Fighting
 + Level 5.4 Ranged Weapons
 - Level 2.1 Dodging
 - Level 0.7 Stealth


You had one spell level left.
You didn't know any spells.
Your spell library was empty.

Dungeon Overview and Level Annotations

Branches:
Dungeon (2/15)

Altars:


Innate Abilities, Weirdness & Mutations

You have a pair of horns on your head.
You reflexively headbutt those who attack you in melee.


Message History

The adder barely misses you.
Fire: a) +0 shortbow
Press: ? - help, Q - select action Shift-Dir - straight line, f/p - adder
Aim: an adder (severely wounded)
You shoot an arrow. The arrow closely misses the adder.
You feel sick.
You are no longer poisoned.
The adder completely misses you.
Fire: a) +0 shortbow
Press: ? - help, Q - select action Shift-Dir - straight line, f/p - adder
Aim: an adder (severely wounded)
You shoot an arrow. The arrow closely misses the adder.
The adder closely misses you. The adder bites you.
Fire: a) +0 shortbow
Press: ? - help, Q - select action Shift-Dir - straight line, f/p - adder
Aim: an adder (severely wounded)
You shoot an arrow. The arrow misses the adder.
The adder bites you.
You are poisoned.
The adder poisons you! The adder bites you.
Fire: a) +0 shortbow
Press: ? - help, Q - select action Shift-Dir - straight line, f/p - adder
Aim: an adder (severely wounded)
You shoot an arrow. The arrow closely misses the adder.
You feel sick. The adder barely misses you.
Fire: a) +0 shortbow
Press: ? - help, Q - select action Shift-Dir - straight line, f/p - adder
Aim: an adder (severely wounded)
You shoot an arrow. The arrow closely misses the adder.
You feel sick. The adder bites you.
* * * LOW HITPOINT WARNING * * *
The adder bites you.
* * * LOW HITPOINT WARNING * * *
Fire: a) +0 shortbow
Press: ? - help, Q - select action Shift-Dir - straight line, f/p - adder
Aim: an adder (severely wounded)
You shoot an arrow. The arrow closely misses the adder.
* * * LOW HITPOINT WARNING * * *
You feel sick. The adder bites you.
You die...

#### #.#.##.#
..)#
#.#.##.#...
##.###
#...##.##.#
.....#
#.#######.##
.....# ###
#...# .....#
+.⌠.+ .....#
### ...
.....###.####
#S#
#####.......##
#@#
#.##.#...###.#
#.##....#....#
.........#####
#........##
#.####.#.# #.
.....# #.
.##.### #.


You could see an adder.

Vanquished Creatures
  A worm (D:2)
  4 ball pythons
  A giant cockroach (D:1)
  4 goblins
  3 hobgoblins
  A quokka (D:2)
  2 bats
  2 kobolds (D:1)
  A rat (D:2)
19 creatures vanquished.

Notes
Turn   | Place    | Note
-------+----------+-------------------------------------------
     0 | D:1      | dolemite99 the Minotaur Hunter began the quest for the Orb.
     0 | D:1      | Reached XP level 1. HP: 18/18 MP: 0/0
     0 | D:1      | Noticed a dwarf
     3 | D:1      | Noticed a gargoyle
    11 | D:1      | Noticed a spriggan
    19 | D:1      | Noticed a draconian
    21 | D:1      | Noticed a spriggan
   315 | D:1      | Reached XP level 2. HP: 25/25 MP: 1/1
   448 | D:1      | Reached skill level 5 in Ranged Weapons
  1638 | D:2      | HP: 1/25 [poisoned by an adder]
  1638 | D:2      | Slain by an adder

Illustrated notes

Levels and vault maps discovered:
D:1:      shiori_arrival_whats_in_store_for_you, layout_loops_cross,
          chequers_serial_rivers_marsh
D:2:      layout_loops_cross, amcnicky_mini_rare_corridor_liquid, minivault_23,
          grunt_ministairs_5, nicolae_elevator_lobby_plus

Skill      XL: |  1  2 |
---------------+-------+-----
Ranged Weapons | 5 |  5.4
Fighting       | |  2.4
Dodging        | |  2.1
Stealth        | |  0.7

Action                   || total
-------------------------++-------
 Fire: Shortbow          ||    52
  Use: Scroll            ||     3
Armor: Leather armour    ||     5
Dodge: Dodged            ||    19

Table legend: (Time is in decaauts)
 A = Elapsed time spent in this place.
 B = Non-inter-level travel time spent in this place.
 C = Inter-level travel time spent in this place.
 D = Time resting spent in this place.
 E = Time spent auto-exploring this place.
 F = Levels seen in this place.
 G = Mean time per level.
                   A        B        C        D        E       F      G
               +--------+--------+--------+--------+--------+-----+--------+
         Total |   1656 |   1627 |     29 |    363 |   1132 |   2 |  828.0 |
       Dungeon |   1656 |   1627 |     29 |    363 |   1132 |   2 |  828.0 |
               +--------+--------+--------+--------+--------+-----+--------+

Top non-repeatable levels by time:
     D:2: 963 daAuts
     D:1: 693 daAuts
